 Dungeon Crawl Stone Soup version 0.28.0-1-gb440e238dd (webtiles) character file.

Game seed: 17706114030688680692

1768 Ablot the Magician (level 9, -3/69 HPs)
             Began as a Gnoll Warper on Feb 26, 2022.
             Was a Believer of Jiyva.
             Slain by a wyvern (8 damage)
             ... on level 6 of the Dungeon.
             The game lasted 00:10:29 (7719 turns).

Ablot the Magician (Gnoll Warper)                   Turns: 7719, Time: 00:10:29

Health: -3/69      AC:  6    Str: 15    XL:     9   Next: 7%
Magic:  18/18      EV: 13    Int: 12    God:    Jiyva [**....]
Gold:   181        SH:  0    Dex: 12    Spells: 18/20 levels left

rFire   . . .      SeeInvis .   a - +0 trident
rCold   . . .      Faith    .   g - orb {*Rage}
rNeg    + . .      Spirit   .   E - +2 leather armour {rN+}
rPois   .          Reflect  .   (no helmet)
rElec   .          Harm     .   (no cloak)
rCorr   +          Rampage  .   (no gloves)
Will    .....      Rage     20% l - +0 pair of boots
Stlth   ++........              (no amulet)
HPRegen 1.17/turn               (no ring)
MPRegen 0.46/turn               (no ring)

@: mighty, on berserk cooldown, slowed, very slow
A: fangs 1, strong nose, distributed training
a: Renounce Religion


You were on level 6 of the Dungeon.
You worshipped Jiyva.
Jiyva was pleased with you.
You visited 2 branches of the dungeon, and saw 7 of its levels.
You also visited: Sewer.

You collected 272 gold pieces.
You spent 91 gold pieces at shops.

Inventory:

Hand Weapons
 a - a +0 trident (weapon)
 D - a +3 mace of holy wrath
Missiles
 d - 5 boomerangs of dispersal
 f - 18 arrows
 h - 72 stones
 j - 5 curare-tipped darts (quivered)
 k - 60 bolts
 q - 35 sling bullets
 v - 2 boomerangs
 y - 5 poisoned darts
 B - 6 javelins
Armour
 g - an orb of wrath (worn)
 l - a +0 pair of boots (worn)
 E - a +2 leather armour of positive energy (worn)
Scrolls
 c - 2 scrolls of blinking
 e - a scroll of fear {unknown}
 i - a scroll of torment {unknown}
 m - 2 scrolls of teleportation
 n - a scroll of magic mapping {unknown}
 r - a scroll of noise {unknown}
 s - 5 scrolls of identify
 t - a scroll of silence {unknown}
 u - a scroll of fog
 x - a scroll of immolation {unknown}
 A - a scroll of amnesia {unknown}
Potions
 o - 3 potions of might
 p - a potion of heal wounds {unknown}
 w - 2 potions of curing {unknown}
 z - a potion of degeneration {unknown}
 C - a potion of cancellation {unknown}


   Skills:
 + Level 6.0 Fighting
 + Level 3.8 Short Blades
 + Level 3.8 Long Blades
 + Level 3.8 Axes
 + Level 3.8 Maces & Flails
 + Level 6.0 Polearms
 + Level 3.8 Staves
 + Level 3.8 Slings
 + Level 3.8 Bows
 + Level 3.8 Crossbows
 + Level 4.7 Throwing
 + Level 4.7 Armour
 + Level 6.0 Dodging
 + Level 3.8 Stealth
 + Level 3.8 Shields
 + Level 3.8 Unarmed Combat
 + Level 6.4 Spellcasting
 + Level 3.1 Conjurations
 + Level 3.1 Hexes
 + Level 3.1 Summonings
 + Level 3.1 Necromancy
 + Level 6.3 Translocations
 + Level 3.1 Transmutations
 + Level 3.1 Fire Magic
 + Level 3.1 Ice Magic
 + Level 3.1 Air Magic
 + Level 3.1 Earth Magic
 + Level 3.1 Poison Magic
 + Level 4.2 Invocations
 + Level 3.8 Evocations


You had 18 spell levels left.
You knew the following spells:

 Your Spells              Type           Power      Damage    Failure   Level
a - Blink                 Tloc           38%        N/A       2%          2

Your spell library contained the following spells:

 Spells                   Type           Power      Damage    Failure   Level
 Apportation              Tloc           38%        N/A       1%          1
 Gell's Gravitas          Tloc           19%        N/A       4%          3
 Lesser Beckoning         Tloc           19%        N/A       4%          3
 Teleport Other           Tloc           19%        N/A       4%          3
 Animate Skeleton         Necr           22%        N/A       5%          1
 Summon Small Mammal      Summ           44%        N/A       5%          1
 Manifold Assault         Tloc           19%        N/A       38%         5


Dungeon Overview and Level Annotations

Branches:
Dungeon (6/15)             Temple (1/1) D:5           Sewer (visited)

Altars:
Ashenzari
Cheibriados
Dithmenos
Makhleb
Nemelex Xobeh
Okawaru
Sif Muna
Trog
Vehumet
Wu Jian
Xom
Yredelemnul
The Shining One
Jiyva

Shops:
D:3 ?   D:6 :


Innate Abilities, Weirdness & Mutations

You have very sharp teeth.
Your uncanny sense of smell can sniff out nearby items.
Your experience applies equally to all skills.


Message History

You barely miss the wyvern.
The wyvern is lightly wounded.
The wyvern closely misses you. The wyvern barely misses you.
You hit the wyvern.
The wyvern is moderately wounded.
The wyvern closely misses you. The wyvern barely misses you.
You hit the wyvern but do no damage.
The wyvern is moderately wounded.
The wyvern bites you. The wyvern misses you. The wyvern completely misses you.
You hit the wyvern.
The wyvern is heavily wounded.
The wyvern closely misses you. The wyvern bites you!
You hit the wyvern.
The wyvern is heavily wounded.
The wyvern misses you. The wyvern bites you.
You hit the wyvern.
The wyvern is heavily wounded.
The wyvern bites you but does no damage.
The wyvern bites you!
* * * LOW HITPOINT WARNING * * *
Unknown command.
Casting: Blink (safe; 2% risk of failure)
Confirm with . or Enter, or press ? or * to list all spells.
You blink.
Reach: a) +0 trident
Press: ? - help, Dir - move target, f - wyvern
Aim: a wyvern (heavily wounded, about 37% to evade your +0 trident)
You reach to attack!
You barely miss the wyvern.
The wyvern is heavily wounded.
The wyvern bites you.
* * * LOW HITPOINT WARNING * * *
You barely miss the wyvern.
The wyvern is heavily wounded.
The wyvern barely misses you. The wyvern bites you!
* * * LOW HITPOINT WARNING * * *
Unknown command.
It was a potion of might.
You feel very mighty all of a sudden.
You feel stable enough to blink again. The wyvern bites you!
You die...

≈.≈≈ #..##.<.###........
♣..≈#..#.....##....###.
♣.≈#...#........#...#. ∆
∆♣.'...#.....#####....
#......J...# ##...
#..........######..
#..........##.##.#.
#+####.l............)...
#.#....@.........##.###.
#.................#####.
###.....#............##... ####
#.....###...........##..##
#..###.......#............#.##.
#.............∩.............#.#
##....................##.##.#.#
#...............#....###.##.#.#
##......#...#.......####..#.#.#


You could see a wyvern and a neutral jelly (wandering)(fellow slime).

Vanquished Creatures
  2 centaur zombies (D:5)
  A sky beast (D:4)
  4 ogres
  2 phantoms
  2 bullfrogs (Sewer)
  A wyvern zombie (D:5)
  3 scorpions
  The ghost of tikhun the Covert, a weakling GnDe (D:5)
  3 hounds
  2 orc priests (D:3)
  An iguana (D:6)
  An orc wizard (D:4)
  A howler monkey zombie (D:5)
  7 adders
  A shadow imp (D:6)
  An ufetubus (D:6)
  2 worms
  3 dart slugs
  22 orcs
  10 ball pythons
  5 bats
  6 endoplasms
  12 giant cockroaches
  6 goblins
  5 hobgoblins
  16 quokkas
  8 frilled lizards
  4 kobolds
  3 rats
135 creatures vanquished.

Vanquished Creatures (others)
  An ogre (D:6)
  A howler monkey (D:5)
  An orc priest (D:5)
  5 jellies
  An orc wizard (D:5)
  A howler monkey skeleton (D:6)
  2 adders (Sewer)
  A river rat (D:6)
  An ufetubus (D:6)
  A worm (D:6)
  2 orcs (D:5)
  4 endoplasms (Sewer)
  3 giant cockroaches (Sewer)
  2 ball pythons (Sewer)
  3 rats (D:6)
  A plant (D:2)
30 creatures vanquished.

Grand Total: 165 creatures vanquished

Notes
Turn   | Place    | Note
-------+----------+-------------------------------------------
     0 | D:1      | Ablot the Gnoll Warper began the quest for the Orb.
     0 | D:1      | Reached XP level 1. HP: 20/20 MP: 6/6
   426 | D:1      | Reached XP level 2. HP: 26/26 MP: 7/7
   436 | D:1      | Learned a level 2 spell: Blink
  1313 | D:2      | Reached XP level 3. HP: 31/31 MP: 9/9
  1346 | D:2      | Noticed an ogre
  1349 | D:2      | Killed an ogre
  1350 | D:2      | Reached skill level 1 in Short Blades
  1350 | D:2      | Reached skill level 1 in Long Blades
  1350 | D:2      | Reached skill level 1 in Axes
  1350 | D:2      | Reached skill level 1 in Maces & Flails
  1350 | D:2      | Reached skill level 1 in Staves
  1350 | D:2      | Reached skill level 1 in Slings
  1350 | D:2      | Reached skill level 1 in Bows
  1350 | D:2      | Reached skill level 1 in Crossbows
  1350 | D:2      | Reached skill level 1 in Stealth
  1350 | D:2      | Reached skill level 1 in Shields
  1350 | D:2      | Reached skill level 1 in Unarmed Combat
  1350 | D:2      | Reached skill level 5 in Spellcasting
  1350 | D:2      | Reached skill level 1 in Conjurations
  1350 | D:2      | Reached skill level 1 in Hexes
  1350 | D:2      | Reached skill level 1 in Summonings
  1350 | D:2      | Reached skill level 1 in Necromancy
  1350 | D:2      | Reached skill level 1 in Transmutations
  1350 | D:2      | Reached skill level 1 in Fire Magic
  1350 | D:2      | Reached skill level 1 in Ice Magic
  1350 | D:2      | Reached skill level 1 in Air Magic
  1350 | D:2      | Reached skill level 1 in Earth Magic
  1350 | D:2      | Reached skill level 1 in Poison Magic
  1350 | D:2      | Reached skill level 1 in Invocations
  1350 | D:2      | Reached skill level 1 in Evocations
  1350 | D:2      | Reached XP level 4. HP: 38/38 MP: 11/11
  1380 | D:2      | You fall into a shaft and drop 1 floor!
  1471 | D:3      | Reached XP level 5. HP: 43/43 MP: 12/12
  1546 | D:3      | Found Mecyxuc's Magic Scroll Boutique.
  1565 | D:3      | Bought a scroll of teleportation for 39 gold pieces
  1565 | D:3      | Bought a scroll of identify for 26 gold pieces
  1565 | D:3      | Bought a scroll of fog for 26 gold pieces
  2399 | D:2      | Found a faded altar of an unknown god.
  3066 | D:3      | Reached XP level 6. HP: 39/50 MP: 13/13
  3358 | D:4      | Reached skill level 5 in Fighting
  3358 | D:4      | Reached skill level 5 in Polearms
  3358 | D:4      | Reached skill level 5 in Dodging
  3916 | D:4      | Reached XP level 7. HP: 56/56 MP: 15/15
  4109 | D:5      | Entered Level 5 of the Dungeon
  4326 | D:5      | Found a shadowy altar of Dithmenos.
  4568 | D:5      | Found a staircase to the Ecumenical Temple.
  4592 | Temple   | Entered the Ecumenical Temple
  4749 | Temple   | Became a worshipper of Jiyva Jubach the Shapeless
  4899 | D:5      | Found a runed translucent gate.
  4899 | D:5      | Found a runed translucent gate.
  4899 | D:5      | Found a runed translucent gate.
  4899 | D:5      | Noticed tikhun's ghost (weakling GnDe)
  4901 | D:5      | Found a basalt altar of Yredelemnul.
  5206 | D:5      | Reached XP level 8. HP: 37/63 MP: 15/17
  5984 | D:5      | Reached * piety under Jiyva
  6505 | D:5      | Killed tikhun's ghost
  6783 | D:6      | Found Hommao Epsu's Book Boutique.
  6947 | D:6      | Found a glowing drain.
  6960 | Sewer    | Entered a sewer
  7291 | Sewer    | Reached XP level 9. HP: 27/69 MP: 18/18
  7509 | D:6      | Reached ** piety under Jiyva
  7591 | D:6      | Found an ornate altar of the Wu Jian Council.
  7659 | D:6      | Found a snail-covered altar of Cheibriados.
  7719 | D:6      | Slain by a wyvern

Illustrated notes

Levels and vault maps discovered:
D:1:      lemuel_arrival_behind_the_door_large, layout_loops_cross,
          minmay_fountain_box
D:2:      cheibrodos_old_hovel, layout_rooms, ebering_ecumenical_altar_rust,
          minmay_indecisive_spiral
D:3:      layout_rooms, serial_shops, shop
D:4:      layout_rooms
D:5:      layout_layer_cave, nicolae_yredelemnul_ghost_church,
          grunt_dithmenos_shadows, minmay_temple_entry_antechambers,
          dk_rats_in_the_wall
D:6:      layout_cave_pools, kennysheep_little_box, nicolae_uskayaw_dance_hall,
          chei_slow_surprise, serial_shops, shop, portal_sewer_entry_a,
          kennysheep_generic_room_10
Temple:   pf_slime_end_temple

Skill      XL: |  1  2  3  4  5  6  7  8 |
---------------+-------------------------+-----
Short Blades   | 1 2 3 |  3.8
Long Blades    | 1 2 3 |  3.8
Axes           | 1 2 3 |  3.8
Maces & Flails | 1 2 3 |  3.8
Staves         | 1 2 3 |  3.8
Slings         | 1 2 3 |  3.8
Bows           | 1 2 3 |  3.8
Crossbows      | 1 2 3 |  3.8
Stealth        | 1 2 3 |  3.8
Shields        | 1 2 3 |  3.8
Unarmed Combat | 1 2 3 |  3.8
Spellcasting   | 5 6 |  6.4
Conjurations   | 1 2 3 |  3.1
Hexes          | 1 2 3 |  3.1
Summonings     | 1 2 3 |  3.1
Necromancy     | 1 2 3 |  3.1
Transmutations | 1 2 3 |  3.1
Fire Magic     | 1 2 3 |  3.1
Ice Magic      | 1 2 3 |  3.1
Air Magic      | 1 2 3 |  3.1
Earth Magic    | 1 2 3 |  3.1
Poison Magic   | 1 2 3 |  3.1
Invocations    | 1 2 3 4 |  4.2
Evocations     | 1 2 3 |  3.8
Throwing       | 3 4 |  4.7
Armour         | 3 4 |  4.7
Fighting       | 5 6 |  6.0
Polearms       | 5 6 |  6.0
Dodging        | 5 6 |  6.0
Translocations | 6 |  6.3

Action                   |  1- 3 |  4- 6 |  7- 9 || total
-------------------------+-------+-------+-------++-------
Melee: Spear             |    92 |    61 |       ||   153
       Bite              |     6 |    23 |    37 ||    66
       Trident           |       |   155 |   259 ||   414
       Punch             |       |     2 |       ||     2
Throw: Dart              |     2 |       |       ||     2
 Cast: Blink             |       |       |     1 ||     1
  Use: Potion            |       |       |     1 ||     1
 Stab: Sleeping          |     1 |     6 |     1 ||     8
Armor: Leather armour    |    14 |    30 |    71 ||   115
Dodge: Dodged            |    41 |   102 |   156 ||   299
